Blues vs RedWings

Created - October 24, 2016 at 18:12

Goals
1 2 3 T
Blues 0 0 1 1
RedWings 1 2 0 3
Shots
1 2 3 T
Blues 5 16 5 26
RedWings 16 19 7 42

1st period

1. RedWings , Erik Haula 1 (Mikhail Grabovski, Jake Gardiner) at 10:59

Penalties :
Adam Cracknell (STL) for Interference (Minor) at 2:10, Johnny Boychuk (STL) for Slashing (Minor) at 8:41, Jay Bouwmeester (STL) for Hooking (Minor) at 16:18

2nd period

2. RedWings , Sven Andrighetto 1 (Andrew Cogliano, Paul Martin) at 14:28
3. RedWings , Tyler Toffoli 2 (Filip Forsberg, Jonathan Drouin) at 15:27

Penalties :
Eric Gryba (DET) for Tripping (Minor) at 5:08, Thomas Hickey (DET) for Tripping (Minor) at 11:37

3rd period

4. Blues , Mike Fisher 2 (Clarke MacArthur, Michael Raffl) at 3:50

Penalties :
Eric Gryba (DET) for Hooking (Minor) at 0:28, Tanner Glass (STL) for Diving (Minor) at 4:24

Goalie Stats

Karri Ramo (STL), 39 saves from 42 shots - (0.929), L, 0-4-1, 60:00 minutes
Mike Condon (DET), 25 saves from 26 shots - (0.962), W, 3-0-0, 60:00 minutes

Players Stats for Blues

Player Name              G  A  P  +/- PIM S  H  SB GA TA FO     MP     PP MP  PK MP  
------------------------------------------------------------------------------------
Adam Cracknell           0  0  0  -1  2   1  1  0  0  0  1/1     4:20   0:00   0:13 
Cal Clutterbuck          0  0  0   0  0   3  0  0  0  0  0/0    12:33   0:00   0:00 
Clarke MacArthur         0  1  1   0  0   2  0  0  0  0  0/2    15:09   0:00   0:21 
Jakub Kindl              0  0  0  -1  0   0  1  3  0  0  0/0    16:19   2:54   0:48 
Jay Bouwmeester          0  0  0   0  2   1  2  2  0  0  0/0    24:09   3:03   2:48 
Jay McClement            0  0  0  -1  0   0  1  0  0  0  3/14   12:06   3:11   4:47 
Johnny Boychuk           0  0  0   0  2   2  3  2  0  0  0/0    24:12   3:03   2:51 
Jussi Jokinen            0  0  0  -1  0   3  0  0  0  0  13/24  20:58   3:11   3:09 
Marian Hossa             0  0  0  -1  0   1  0  0  0  0  0/1    21:50   2:46   4:26 
Mark Borowiecki          0  0  0  -1  0   1  1  1  0  0  0/0    19:02   0:00   3:51 
Matt Carle               0  0  0  -1  0   0  0  1  0  0  0/0    20:27   2:54   1:43 
Matt Irwin               0  0  0  -1  0   0  4  3  0  0  0/0    15:49   0:00   3:51 
Michael Raffl            0  1  1   0  0   5  2  0  0  0  0/0    17:34   2:46   0:00 
Mike Fisher              1  0  1   0  0   3  3  0  0  0  14/21  17:34   2:46   0:00 
Nick Cousins             0  0  0   0  0   3  0  0  0  0  11/19  12:33   0:00   0:00 
Rick Nash                0  0  0  -1  0   0  0  0  0  0  4/7    20:45   3:11   2:56 
Rob Klinkhammer          0  0  0  -1  0   0  0  0  0  0  0/1     4:08   0:00   0:00 
Tanner Glass             0  0  0   0  2   1  1  0  0  0  0/2    12:32   0:00   0:00 

Players Stats for RedWings

Player Name              G  A  P  +/- PIM S  H  SB GA TA FO     MP     PP MP  PK MP  
------------------------------------------------------------------------------------
Alexandre Burrows        0  0  0   1  0   3  0  0  0  0  0/0     8:21   0:00   0:08 
Andrew Campbell          0  0  0  -1  0   0  0  0  0  0  0/0    17:44   0:00   0:56 
Andrew Cogliano          0  1  1   1  0   0  0  1  0  0  1/3    10:19   0:00   1:33 
David Pastrnak           0  0  0  -1  0   6  4  0  0  0  2/2    17:57   3:40   0:00 
Eric Gryba               0  0  0  -1  4   0  6  2  0  0  0/0    19:23   3:40   0:00 
Erik Haula               1  0  1   1  0   3  1  0  0  0  4/13   13:13   0:00   4:16 
Filip Forsberg           0  1  1   1  0   4  2  0  0  0  2/5    20:40   4:16   1:33 
Jake Gardiner            0  1  1   2  0   1  1  1  0  0  0/0    20:17   4:16   3:11 
Jonathan Drouin          0  1  1   1  0   2  0  0  0  0  6/17   18:31   3:40   0:00 
Kevin Connauton          0  0  0   3  0   0  4  1  0  0  0/0    11:48   0:00   3:11 
Loui Eriksson            0  0  0  -1  0   1  0  1  0  0  0/2    22:57   4:16   4:24 
Mikhail Grabovski        0  1  1   1  0   1  0  0  0  0  8/12    8:13   0:00   0:00 
Paul Martin              0  1  1   1  0   4  0  1  0  0  0/0    26:30   4:16   2:46 
Sean Monahan             0  0  0  -1  0   3  0  0  0  0  14/23  17:57   3:40   0:00 
Sven Andrighetto         1  0  1   1  0   1  1  1  0  0  2/2     8:46   0:00   0:00 
Thomas Hickey            0  0  0   0  2   1  0  3  0  0  0/0    22:26   3:40   1:50 
Tyler Toffoli            1  0  1   1  0   11 2  0  0  0  2/4    19:07   4:16   0:00 
Vincent Lecavalier       0  0  0   1  0   1  0  0  0  0  5/9     9:51   0:00   0:00 

3 Stars

1 - Mike Condon (DET)
2 - Tyler Toffoli (DET)
3 - Sven Andrighetto (DET)

Power Play

Blues - 0 on 3 Attempt(s) - 0.00%
RedWings - 0 on 4 Attempt(s) - 0.00%

Penalty Kill

Blues - 4 on 4 Attempt(s) - 100.00% - Score 0 goal in Penalty Kill
RedWings - 3 on 3 Attempt(s) - 100.00% - Score 0 goal in Penalty Kill

Team Stat

Blues - Hits : 19 - Faceoff Wins : 46 - Blocked Shots : 12 - Penalty Minutes : 8
RedWings - Hits : 21 - Faceoff Wins : 46 - Blocked Shots : 11 - Penalty Minutes : 6

Official

Referees : Mike Hasenfratz and Greg Kimmerly
Linesman : Steve Barton and Pierre Racicot

Game Notes

Kevin Connauton is injured at 4:11 of 3rd period (Back Spasms)

Finance

Level 1 -- Attendance: 6500 (100.00%) -- Ticket Income $435,500
Level 2 -- Attendance: 4997 (99.94%) -- Ticket Income $249,850
Level 3 -- Attendance: 3500 (100.00%) -- Ticket Income $94,500
Level 4 -- Attendance: 2848 (70.72%) -- Ticket Income $22,784
Luxury Box -- Attendance: 1000 (100.00%) -- Ticket Income $130,000
Game was played at the Joe Louis Arena.
Total Attendance: 18845 (94.10%)
Total Ticket Income: $932,634
Other Income: $139,895
Total Income: $1,072,529

% Time on Ice - Blues

Lines # - Real PCT - Wanted PCT - Time Play
Normal Forward
1 - 32% - 32% - 14:38
2 - 32% - 29% - 14:48
3 - 27% - 26% - 12:33
4 - 9% - 13% - 4:08
Normal Defense
1 - 40% - 40% - 18:19
2 - 33% - 35% - 15:11
3 - 27% - 25% - 12:37
4 - 0% - 0% - 0:00
PP Forward
1 - 54% - 51% - 3:11
2 - 46% - 49% - 2:46
PP Defense
1 - 51% - 62% - 3:03
2 - 49% - 38% - 2:54
PK Forward
1 - 60% - 50% - 4:47
2 - 40% - 50% - 3:09
PK Defense
1 - 51% - 51% - 4:05
2 - 49% - 49% - 3:51
PK3 Forward
1 - 0% - 51%
2 - 0% - 49%
PK3 Defense
1 - 0% - 51%
2 - 0% - 49%
44 Forward
1 - 0% - 51%
2 - 0% - 49%
44 Defense
1 - 0% - 51%
2 - 0% - 49%
Last Minute Offensive  - 0:00
Last Minute Defensive  - 0:00
Total
Forward - 60:00
Defense - 60:00

% Time on Ice - RedWings

Lines # - Real PCT - Wanted PCT - Time Play
Normal Forward
1 - 31% - 35% - 14:17
2 - 32% - 35% - 14:51
3 - 18% - 20% - 8:13
4 - 19% - 10% - 8:46
Normal Defense
1 - 31% - 40% - 14:16
2 - 30% - 30% - 13:40
3 - 25% - 20% - 11:44
4 - 14% - 10% - 6:27
PP Forward
1 - 54% - 60% - 4:16
2 - 46% - 40% - 3:40
PP Defense
1 - 54% - 60% - 4:16
2 - 46% - 40% - 3:40
PK Forward
1 - 74% - 60% - 4:24
2 - 26% - 40% - 1:33
PK Defense
1 - 47% - 60% - 2:48
2 - 53% - 40% - 3:09
PK3 Forward
1 - 0% - 60%
2 - 0% - 40%
PK3 Defense
1 - 0% - 60%
2 - 0% - 40%
44 Forward
1 - 0% - 60%
2 - 0% - 40%
44 Defense
1 - 0% - 60%
2 - 0% - 40%
Last Minute Offensive  - 0:00
Last Minute Defensive  - 0:00
Total
Forward - 60:00
Defense - 60:00

Play by Play

1st period


0:01 of 1st period - Sean Monahan wins face-off versus Rick Nash in neutral zone.
0:45 of 1st period - Shot by Jay Bouwmeester.
0:45 of 1st period - Shot Blocked by Thomas Hickey.
1:10 of 1st period - Paul Martin is hit by Mark Borowiecki and loses puck.
1:37 of 1st period - Shot by Filip Forsberg.
1:37 of 1st period - Stopped by Karri Ramo without a rebound.
1:38 of 1st period - Mikhail Grabovski wins face-off versus Nick Cousins in Blues zone.
1:38 of 1st period - Kevin Connauton is hit by Jakub Kindl and loses puck.
1:44 of 1st period - Mikhail Grabovski is hit by Matt Irwin and loses puck.
1:49 of 1st period - Shot by Jake Gardiner.
1:49 of 1st period - Stopped by Karri Ramo without a rebound.
1:50 of 1st period - Jonathan Drouin wins face-off versus Jay McClement in Blues zone.
1:51 of 1st period - Shot by Filip Forsberg.
1:51 of 1st period - Stopped by Karri Ramo without a rebound.
1:52 of 1st period - Nick Cousins wins face-off versus Jonathan Drouin in Blues zone.
2:05 of 1st period - Shot by Tyler Toffoli.
2:05 of 1st period - Stopped by Karri Ramo with a rebound.
2:07 of 1st period - Shot by Filip Forsberg.
2:07 of 1st period - Deflect By Tyler Toffoli.
2:07 of 1st period - Stopped by Karri Ramo without a rebound.
2:08 of 1st period - Jay McClement wins face-off versus Mikhail Grabovski in Blues zone.
2:10 of 1st period - Minor Penalty to Adam Cracknell for Interference.
2:11 of 1st period - Tyler Toffoli wins face-off versus Jay McClement in Blues zone.
2:11 of 1st period - Tyler Toffoli is hit by Johnny Boychuk.
2:21 of 1st period - Shot by Filip Forsberg.
2:21 of 1st period - Shot Misses the Net.
3:37 of 1st period - Shot by David Pastrnak.
3:37 of 1st period - Shot Misses the Net.
4:09 of 1st period - Shot by Filip Forsberg.
4:09 of 1st period - Stopped by Karri Ramo without a rebound.
4:10 of 1st period - Nick Cousins wins face-off versus Mikhail Grabovski in Blues zone.
4:10 of 1st period - Nick Cousins is hit by Erik Haula.
4:22 of 1st period - Shot by Cal Clutterbuck.
4:22 of 1st period - Stopped by Mike Condon with a rebound.
4:24 of 1st period - Shot by Cal Clutterbuck.
4:24 of 1st period - Deflect By Tanner Glass.
4:24 of 1st period - Stopped by Mike Condon without a rebound.
4:25 of 1st period - Sven Andrighetto wins face-off versus Clarke MacArthur in RedWings zone.
4:25 of 1st period - Sven Andrighetto is hit by Michael Raffl.
4:30 of 1st period - Andrew Cogliano is hit by Matt Irwin and loses puck.
5:31 of 1st period - Shot by Jussi Jokinen.
5:31 of 1st period - Shot Blocked by Andrew Cogliano.
6:19 of 1st period - Shot by Tyler Toffoli.
6:19 of 1st period - Shot Misses the Net.
6:45 of 1st period - Shot by Jonathan Drouin.
6:45 of 1st period - Stopped by Karri Ramo without a rebound.
6:46 of 1st period - Sean Monahan wins face-off versus Jay McClement in Blues zone.
6:49 of 1st period - Shot by David Pastrnak.
6:49 of 1st period - Stopped by Karri Ramo without a rebound.
6:50 of 1st period - David Pastrnak wins face-off versus Jay McClement in Blues zone.
6:52 of 1st period - Loui Eriksson is hit by Matt Irwin and loses puck.
6:58 of 1st period - Jakub Kindl is hit by Eric Gryba and loses puck.
7:08 of 1st period - Shot by Jay McClement.
7:08 of 1st period - Shot Hit the Post.
7:44 of 1st period - Shot by Marian Hossa.
7:44 of 1st period - Shot Misses the Net.
7:56 of 1st period - Shot by Jussi Jokinen.
7:56 of 1st period - Stopped by Mike Condon without a rebound.
7:57 of 1st period - Mike Fisher wins face-off versus Jonathan Drouin in RedWings zone.
7:58 of 1st period - Shot by Clarke MacArthur.
7:58 of 1st period - Stopped by Mike Condon without a rebound.
7:59 of 1st period - Mike Fisher wins face-off versus Jonathan Drouin in RedWings zone.
8:13 of 1st period - Off-side.
8:14 of 1st period - Mikhail Grabovski wins face-off versus Tanner Glass in neutral zone.
8:14 of 1st period - Alexandre Burrows is hit by Tanner Glass and loses puck.
8:41 of 1st period - Minor Penalty to Johnny Boychuk for Slashing.
8:42 of 1st period - Tyler Toffoli wins face-off versus Jay McClement in Blues zone.
8:45 of 1st period - Shot by Loui Eriksson.
8:45 of 1st period - Shot Misses the Net.
8:47 of 1st period - Shot by Paul Martin.
8:47 of 1st period - Stopped by Karri Ramo without a rebound.
8:48 of 1st period - Jussi Jokinen wins face-off versus Tyler Toffoli in Blues zone.
9:13 of 1st period - Shot by Loui Eriksson.
9:13 of 1st period - Shot Misses the Net.
9:29 of 1st period - Shot by Paul Martin.
9:29 of 1st period - Stopped by Karri Ramo with a rebound.
9:42 of 1st period - Icing by Sean Monahan.
9:43 of 1st period - Rick Nash wins face-off versus Sean Monahan in RedWings zone.
10:45 of 1st period - Shot by Alexandre Burrows.
10:45 of 1st period - Shot Misses the Net.
10:47 of 1st period - Shot by Erik Haula.
10:47 of 1st period - Shot Misses the Net.
10:49 of 1st period - Shot by Erik Haula.
10:49 of 1st period - Shot Misses the Net.
10:53 of 1st period - Shot by Erik Haula.
10:53 of 1st period - Shot Blocked by Matt Irwin.
10:55 of 1st period - Shot by Jake Gardiner.
10:55 of 1st period - Shot Blocked by Jakub Kindl.
10:57 of 1st period - Shot by Mikhail Grabovski.
10:57 of 1st period - Deflect By Erik Haula.
10:57 of 1st period - Shot Blocked by Jakub Kindl.
10:59 of 1st period - Shot by Erik Haula.
10:59 of 1st period - Goal by Erik Haula - Blues : 0 - RedWings : 1.
11:00 of 1st period - Vincent Lecavalier wins face-off versus Nick Cousins in neutral zone.
11:03 of 1st period - Shot by Sven Andrighetto.
11:03 of 1st period - Shot Misses the Net.
11:13 of 1st period - Shot by Andrew Cogliano.
11:13 of 1st period - Shot Misses the Net.
11:50 of 1st period - Off-side.
11:51 of 1st period - Jonathan Drouin wins face-off versus Jussi Jokinen in neutral zone.
11:54 of 1st period - Shot by Tyler Toffoli.
11:54 of 1st period - Shot Misses the Net.
12:57 of 1st period - Matt Irwin is hit by David Pastrnak and loses puck.
13:10 of 1st period - Shot by David Pastrnak.
13:10 of 1st period - Shot Blocked by Matt Irwin.
13:44 of 1st period - Shot by Erik Haula.
13:44 of 1st period - Stopped by Karri Ramo without a rebound.
13:45 of 1st period - Sven Andrighetto wins face-off versus Jay McClement in Blues zone.
13:45 of 1st period - Vincent Lecavalier is hit by Johnny Boychuk and loses puck.
14:27 of 1st period - Shot by Johnny Boychuk.
14:27 of 1st period - Shot Misses the Net.
14:30 of 1st period - Icing by Vincent Lecavalier.
14:31 of 1st period - Rick Nash wins face-off versus Vincent Lecavalier in RedWings zone.
15:30 of 1st period - Shot by Tyler Toffoli.
15:30 of 1st period - Shot Misses the Net.
16:18 of 1st period - Minor Penalty to Jay Bouwmeester for Hooking.
16:19 of 1st period - Jay McClement wins face-off versus Filip Forsberg in Blues zone.
17:04 of 1st period - Shot by Jonathan Drouin.
17:04 of 1st period - Shot Blocked by Johnny Boychuk.
17:06 of 1st period - Shot by Thomas Hickey.
17:06 of 1st period - Stopped by Karri Ramo without a rebound.
17:07 of 1st period - Sean Monahan wins face-off versus Rick Nash in Blues zone.
17:18 of 1st period - Shot by Sean Monahan.
17:18 of 1st period - Stopped by Karri Ramo without a rebound.
17:19 of 1st period - Sean Monahan wins face-off versus Rick Nash in Blues zone.
17:22 of 1st period - Shot by Sean Monahan.
17:22 of 1st period - Stopped by Karri Ramo with a rebound.
18:12 of 1st period - Shot by Filip Forsberg.
18:12 of 1st period - Shot Misses the Net.
18:14 of 1st period - Shot by Paul Martin.
18:14 of 1st period - Stopped by Karri Ramo with a rebound.
18:24 of 1st period - Shot by Erik Haula.
18:24 of 1st period - Shot Misses the Net.
18:47 of 1st period - Shot by Michael Raffl.
18:47 of 1st period - Stopped by Mike Condon without a rebound.
18:48 of 1st period - Vincent Lecavalier wins face-off versus Nick Cousins in RedWings zone.
19:30 of 1st period - Icing by Jay Bouwmeester.
19:31 of 1st period - Nick Cousins wins face-off versus Filip Forsberg in Blues zone.
19:31 of 1st period - Nick Cousins is hit by Filip Forsberg.
Goals for this period are 0 for Blues vs 1 for RedWings.
Shots for this period are 5 for Blues vs 16 for RedWings.

2nd period


0:01 of 2nd period - Jonathan Drouin wins face-off versus Jussi Jokinen in neutral zone.
0:30 of 2nd period - Shot by Tyler Toffoli.
0:30 of 2nd period - Stopped by Karri Ramo without a rebound.
0:31 of 2nd period - Sean Monahan wins face-off versus Mike Fisher in Blues zone.
0:41 of 2nd period - Icing by Mike Fisher.
0:42 of 2nd period - Mikhail Grabovski wins face-off versus Mike Fisher in Blues zone.
0:43 of 2nd period - Shot by Alexandre Burrows.
0:43 of 2nd period - Shot Misses the Net.
0:50 of 2nd period - Icing by Jay Bouwmeester.
0:51 of 2nd period - Mike Fisher wins face-off versus Sean Monahan in Blues zone.
1:12 of 2nd period - Shot by Sean Monahan.
1:12 of 2nd period - Stopped by Karri Ramo with a rebound.
2:04 of 2nd period - Shot by Jonathan Drouin.
2:04 of 2nd period - Shot Misses the Net.
2:49 of 2nd period - Shot by Alexandre Burrows.
2:49 of 2nd period - Stopped by Karri Ramo without a rebound.
2:50 of 2nd period - Nick Cousins wins face-off versus Vincent Lecavalier in Blues zone.
3:03 of 2nd period - Shot by Nick Cousins.
3:03 of 2nd period - Stopped by Mike Condon with a rebound.
3:08 of 2nd period - Nick Cousins is hit by Kevin Connauton and loses puck.
3:13 of 2nd period - Shot by Nick Cousins.
3:13 of 2nd period - Stopped by Mike Condon with a rebound.
3:15 of 2nd period - Shot by Cal Clutterbuck.
3:15 of 2nd period - Stopped by Mike Condon without a rebound.
3:16 of 2nd period - Mike Fisher wins face-off versus Loui Eriksson in RedWings zone.
3:31 of 2nd period - Loui Eriksson is hit by Mike Fisher and loses puck.
3:51 of 2nd period - Icing by Clarke MacArthur.
3:52 of 2nd period - Mike Fisher wins face-off versus Jonathan Drouin in Blues zone.
4:28 of 2nd period - Shot by Marian Hossa.
4:28 of 2nd period - Stopped by Mike Condon without a rebound.
4:29 of 2nd period - Nick Cousins wins face-off versus Erik Haula in RedWings zone.
4:33 of 2nd period - Icing by Paul Martin.
4:34 of 2nd period - Mikhail Grabovski wins face-off versus Nick Cousins in RedWings zone.
5:05 of 2nd period - Shot by Cal Clutterbuck.
5:05 of 2nd period - Stopped by Mike Condon without a rebound.
5:06 of 2nd period - Jussi Jokinen wins face-off versus Jonathan Drouin in RedWings zone.
5:08 of 2nd period - Minor Penalty to Eric Gryba for Tripping.
5:09 of 2nd period - Jussi Jokinen wins face-off versus Erik Haula in RedWings zone.
5:14 of 2nd period - Shot by Jussi Jokinen.
5:14 of 2nd period - Stopped by Mike Condon without a rebound.
5:15 of 2nd period - Jussi Jokinen wins face-off versus Erik Haula in RedWings zone.
6:31 of 2nd period - Shot by Michael Raffl.
6:31 of 2nd period - Stopped by Mike Condon without a rebound.
6:32 of 2nd period - Mike Fisher wins face-off versus Andrew Cogliano in RedWings zone.
6:39 of 2nd period - Shot by Michael Raffl.
6:39 of 2nd period - Deflect By Mike Fisher.
6:39 of 2nd period - Shot Misses the Net.
6:41 of 2nd period - Shot by Jay Bouwmeester.
6:41 of 2nd period - Shot Blocked by Thomas Hickey.
6:45 of 2nd period - Shot by Jay Bouwmeester.
6:45 of 2nd period - Stopped by Mike Condon without a rebound.
6:46 of 2nd period - Rick Nash wins face-off versus Andrew Cogliano in RedWings zone.
7:09 of 2nd period - Shot by Tyler Toffoli.
7:09 of 2nd period - Stopped by Karri Ramo without a rebound.
7:10 of 2nd period - Jonathan Drouin wins face-off versus Nick Cousins in Blues zone.
7:10 of 2nd period - Tyler Toffoli is hit by Jay Bouwmeester and loses puck.
7:19 of 2nd period - Shot by Johnny Boychuk.
7:19 of 2nd period - Shot Misses the Net.
7:31 of 2nd period - Shot by Nick Cousins.
7:31 of 2nd period - Shot Misses the Net.
7:36 of 2nd period - Nick Cousins is hit by Eric Gryba and loses puck.
8:25 of 2nd period - Shot by Mike Fisher.
8:25 of 2nd period - Shot Blocked by Thomas Hickey.
8:55 of 2nd period - Shot by David Pastrnak.
8:55 of 2nd period - Stopped by Karri Ramo without a rebound.
8:56 of 2nd period - Mikhail Grabovski wins face-off versus Jussi Jokinen in Blues zone.
9:11 of 2nd period - Mikhail Grabovski is hit by Matt Irwin and loses puck.
9:24 of 2nd period - Shot by Alexandre Burrows.
9:24 of 2nd period - Stopped by Karri Ramo without a rebound.
9:25 of 2nd period - Vincent Lecavalier wins face-off versus Jay McClement in Blues zone.
9:30 of 2nd period - Shot by Andrew Cogliano.
9:30 of 2nd period - Shot Blocked by Jay Bouwmeester.
9:32 of 2nd period - Shot by Vincent Lecavalier.
9:32 of 2nd period - Stopped by Karri Ramo with a rebound.
9:34 of 2nd period - Shot by Paul Martin.
9:34 of 2nd period - Stopped by Karri Ramo without a rebound.
9:35 of 2nd period - Nick Cousins wins face-off versus Sean Monahan in Blues zone.
9:35 of 2nd period - Nick Cousins is hit by David Pastrnak.
9:40 of 2nd period - Off-side.
9:41 of 2nd period - Sean Monahan wins face-off versus Jussi Jokinen in neutral zone.
9:49 of 2nd period - Rick Nash is hit by David Pastrnak and loses puck.
10:20 of 2nd period - Off-side.
10:21 of 2nd period - Filip Forsberg wins face-off versus Jay McClement in neutral zone.
10:28 of 2nd period - Shot by Jonathan Drouin.
10:28 of 2nd period - Stopped by Karri Ramo without a rebound.
10:29 of 2nd period - Jay McClement wins face-off versus Jonathan Drouin in Blues zone.
10:29 of 2nd period - Mark Borowiecki is hit by Filip Forsberg.
10:43 of 2nd period - Shot by Adam Cracknell.
10:43 of 2nd period - Stopped by Mike Condon with a rebound.
10:45 of 2nd period - Shot by Mark Borowiecki.
10:45 of 2nd period - Stopped by Mike Condon without a rebound.
10:46 of 2nd period - Sean Monahan wins face-off versus Jussi Jokinen in RedWings zone.
10:54 of 2nd period - Off-side.
10:55 of 2nd period - Jussi Jokinen wins face-off versus Jonathan Drouin in neutral zone.
11:17 of 2nd period - Jussi Jokinen is hit by Tyler Toffoli and loses puck.
11:37 of 2nd period - Minor Penalty to Thomas Hickey for Tripping.
11:38 of 2nd period - Mike Fisher wins face-off versus Erik Haula in RedWings zone.
11:45 of 2nd period - Shot by Michael Raffl.
11:45 of 2nd period - Stopped by Mike Condon without a rebound.
11:46 of 2nd period - Erik Haula wins face-off versus Mike Fisher in RedWings zone.
13:05 of 2nd period - Shot by Jay Bouwmeester.
13:05 of 2nd period - Shot Misses the Net.
13:07 of 2nd period - Shot by Johnny Boychuk.
13:07 of 2nd period - Stopped by Mike Condon without a rebound.
13:08 of 2nd period - Mike Fisher wins face-off versus Erik Haula in RedWings zone.
13:47 of 2nd period - Shot by Filip Forsberg.
13:47 of 2nd period - Shot Misses the Net.
13:53 of 2nd period - Shot by Nick Cousins.
13:53 of 2nd period - Shot Misses the Net.
14:03 of 2nd period - Shot by Nick Cousins.
14:03 of 2nd period - Stopped by Mike Condon without a rebound.
14:04 of 2nd period - Adam Cracknell wins face-off versus Vincent Lecavalier in RedWings zone.
14:04 of 2nd period - Adam Cracknell is hit by Kevin Connauton.
14:07 of 2nd period - Rob Klinkhammer is hit by Kevin Connauton and loses puck.
14:11 of 2nd period - Icing by Kevin Connauton.
14:12 of 2nd period - Vincent Lecavalier wins face-off versus Jay McClement in RedWings zone.
14:12 of 2nd period - Vincent Lecavalier is hit by Jay McClement.
14:28 of 2nd period - Shot by Sven Andrighetto.
14:28 of 2nd period - Goal by Sven Andrighetto - Blues : 0 - RedWings : 2.
14:29 of 2nd period - Sean Monahan wins face-off versus Mike Fisher in neutral zone.
14:42 of 2nd period - Shot by Johnny Boychuk.
14:42 of 2nd period - Stopped by Mike Condon with a rebound.
14:50 of 2nd period - Shot by Mike Fisher.
14:50 of 2nd period - Stopped by Mike Condon without a rebound.
14:51 of 2nd period - Jussi Jokinen wins face-off versus Jonathan Drouin in RedWings zone.
14:52 of 2nd period - Shot by Marian Hossa.
14:52 of 2nd period - Deflect By Rick Nash.
14:52 of 2nd period - Shot Blocked by Jake Gardiner.
14:59 of 2nd period - Rick Nash is hit by Kevin Connauton and loses puck.
15:25 of 2nd period - Shot by Filip Forsberg.
15:25 of 2nd period - Deflect By Tyler Toffoli.
15:25 of 2nd period - Shot Blocked by Mark Borowiecki.
15:27 of 2nd period - Shot by Tyler Toffoli.
15:27 of 2nd period - Goal by Tyler Toffoli - Blues : 0 - RedWings : 3.
15:28 of 2nd period - Mike Fisher wins face-off versus Sean Monahan in neutral zone.
15:43 of 2nd period - David Pastrnak is hit by Mike Fisher and loses puck.
16:02 of 2nd period - Shot by David Pastrnak.
16:02 of 2nd period - Stopped by Karri Ramo with a rebound.
16:09 of 2nd period - Icing by Jakub Kindl.
16:10 of 2nd period - Mike Fisher wins face-off versus Mikhail Grabovski in Blues zone.
16:15 of 2nd period - Shot by Clarke MacArthur.
16:15 of 2nd period - Stopped by Mike Condon without a rebound.
16:16 of 2nd period - Nick Cousins wins face-off versus Jonathan Drouin in RedWings zone.
16:26 of 2nd period - Off-side.
16:27 of 2nd period - Mikhail Grabovski wins face-off versus Jussi Jokinen in neutral zone.
16:36 of 2nd period - Shot by Erik Haula.
16:36 of 2nd period - Deflect By Alexandre Burrows.
16:36 of 2nd period - Stopped by Karri Ramo without a rebound.
16:37 of 2nd period - Sean Monahan wins face-off versus Nick Cousins in Blues zone.
16:38 of 2nd period - Shot by David Pastrnak.
16:38 of 2nd period - Stopped by Karri Ramo without a rebound.
16:39 of 2nd period - Nick Cousins wins face-off versus Sean Monahan in Blues zone.
17:20 of 2nd period - Shot by Loui Eriksson.
17:20 of 2nd period - Shot Misses the Net.
17:36 of 2nd period - Shot by Tyler Toffoli.
17:36 of 2nd period - Stopped by Karri Ramo without a rebound.
17:37 of 2nd period - Mikhail Grabovski wins face-off versus Jussi Jokinen in Blues zone.
17:42 of 2nd period - Shot by Mikhail Grabovski.
17:42 of 2nd period - Stopped by Karri Ramo without a rebound.
17:43 of 2nd period - Mike Fisher wins face-off versus Jonathan Drouin in Blues zone.
17:53 of 2nd period - Icing by Tyler Toffoli.
17:54 of 2nd period - Jussi Jokinen wins face-off versus Jonathan Drouin in RedWings zone.
18:19 of 2nd period - Shot by Filip Forsberg.
18:19 of 2nd period - Stopped by Karri Ramo without a rebound.
18:20 of 2nd period - Mike Fisher wins face-off versus Sean Monahan in Blues zone.
18:56 of 2nd period - Shot by David Pastrnak.
18:56 of 2nd period - Stopped by Karri Ramo without a rebound.
18:57 of 2nd period - Erik Haula wins face-off versus Marian Hossa in Blues zone.
19:00 of 2nd period - Shot by Erik Haula.
19:00 of 2nd period - Stopped by Karri Ramo without a rebound.
19:01 of 2nd period - Erik Haula wins face-off versus Jussi Jokinen in Blues zone.
19:41 of 2nd period - Jussi Jokinen is hit by Eric Gryba and loses puck.
19:55 of 2nd period - Icing by Mark Borowiecki.
19:56 of 2nd period - Jussi Jokinen wins face-off versus Sean Monahan in Blues zone.
19:56 of 2nd period - Jussi Jokinen is hit by David Pastrnak.
Goals for this period are 0 for Blues vs 2 for RedWings.
Shots for this period are 16 for Blues vs 19 for RedWings.

3rd period


0:01 of 3rd period - Sean Monahan wins face-off versus Mike Fisher in neutral zone.
0:04 of 3rd period - Shot by David Pastrnak.
0:04 of 3rd period - Stopped by Karri Ramo without a rebound.
0:05 of 3rd period - David Pastrnak wins face-off versus Tanner Glass in Blues zone.
0:19 of 3rd period - Off-side.
0:20 of 3rd period - Jonathan Drouin wins face-off versus Clarke MacArthur in neutral zone.
0:20 of 3rd period - Tyler Toffoli is hit by Mike Fisher and loses puck.
0:26 of 3rd period - Clarke MacArthur is hit by Eric Gryba and loses puck.
0:28 of 3rd period - Minor Penalty to Eric Gryba for Hooking.
0:29 of 3rd period - Erik Haula wins face-off versus Jussi Jokinen in RedWings zone.
0:35 of 3rd period - Icing by Rick Nash.
0:36 of 3rd period - Jussi Jokinen wins face-off versus Erik Haula in Blues zone.
0:42 of 3rd period - Shot by Loui Eriksson.
0:42 of 3rd period - Shot Misses the Net.
0:49 of 3rd period - Icing by Rick Nash.
0:50 of 3rd period - Jussi Jokinen wins face-off versus Erik Haula in Blues zone.
1:09 of 3rd period - Shot by Johnny Boychuk.
1:09 of 3rd period - Shot Blocked by Loui Eriksson.
1:17 of 3rd period - Shot by Jay Bouwmeester.
1:17 of 3rd period - Deflect By Jussi Jokinen.
1:17 of 3rd period - Stopped by Mike Condon without a rebound.
1:18 of 3rd period - Mike Fisher wins face-off versus Erik Haula in RedWings zone.
1:33 of 3rd period - Shot by Mike Fisher.
1:33 of 3rd period - Stopped by Mike Condon with a rebound.
1:35 of 3rd period - Shot by Marian Hossa.
1:35 of 3rd period - Shot Misses the Net.
1:51 of 3rd period - Shot by Michael Raffl.
1:51 of 3rd period - Shot Blocked by Paul Martin.
1:53 of 3rd period - Shot by Jakub Kindl.
1:53 of 3rd period - Shot Misses the Net.
2:25 of 3rd period - Shot by Jussi Jokinen.
2:25 of 3rd period - Shot Misses the Net.
2:39 of 3rd period - Shot by Filip Forsberg.
2:39 of 3rd period - Deflect By Jonathan Drouin.
2:39 of 3rd period - Shot Misses the Net.
2:41 of 3rd period - Shot by Tyler Toffoli.
2:41 of 3rd period - Stopped by Karri Ramo with a rebound.
2:43 of 3rd period - Shot by Tyler Toffoli.
2:43 of 3rd period - Shot Blocked by Matt Carle.
2:45 of 3rd period - Shot by Tyler Toffoli.
2:45 of 3rd period - Stopped by Karri Ramo without a rebound.
2:46 of 3rd period - Andrew Cogliano wins face-off versus Rob Klinkhammer in Blues zone.
3:09 of 3rd period - Icing by Thomas Hickey.
3:10 of 3rd period - Vincent Lecavalier wins face-off versus Mike Fisher in RedWings zone.
3:10 of 3rd period - Vincent Lecavalier is hit by Michael Raffl.
3:50 of 3rd period - Shot by Mike Fisher.
3:50 of 3rd period - Goal by Mike Fisher - Blues : 1 - RedWings : 3.
3:51 of 3rd period - Jussi Jokinen wins face-off versus Filip Forsberg in neutral zone.
3:51 of 3rd period - Jussi Jokinen is hit by Tyler Toffoli.
4:11 of 3rd period - Shot by Rick Nash.
4:11 of 3rd period - Shot Blocked by Kevin Connauton.
4:11 of 3rd period - Kevin Connauton from RedWings is injured at 4:11 of 3rd period (Back Spasms).
4:12 of 3rd period - Nick Cousins wins face-off versus Sean Monahan in RedWings zone.
4:21 of 3rd period - Shot by Cal Clutterbuck.
4:21 of 3rd period - Shot Blocked by Eric Gryba.
4:24 of 3rd period - Minor Penalty to Tanner Glass for Diving.
4:25 of 3rd period - Rick Nash wins face-off versus Tyler Toffoli in Blues zone.
5:00 of 3rd period - Shot by Filip Forsberg.
5:00 of 3rd period - Deflect By Tyler Toffoli.
5:00 of 3rd period - Stopped by Karri Ramo with a rebound.
6:32 of 3rd period - Shot by Alexandre Burrows.
6:32 of 3rd period - Shot Misses the Net.
6:34 of 3rd period - Shot by Erik Haula.
6:34 of 3rd period - Deflect By Mikhail Grabovski.
6:34 of 3rd period - Shot Blocked by Johnny Boychuk.
6:36 of 3rd period - Shot by Erik Haula.
6:36 of 3rd period - Shot Misses the Net.
6:42 of 3rd period - Shot by Alexandre Burrows.
6:42 of 3rd period - Shot Misses the Net.
6:44 of 3rd period - Shot by Erik Haula.
6:44 of 3rd period - Deflect By Alexandre Burrows.
6:44 of 3rd period - Shot Blocked by Jay Bouwmeester.
6:46 of 3rd period - Shot by Alexandre Burrows.
6:46 of 3rd period - Shot Misses the Net.
7:03 of 3rd period - Off-side.
7:04 of 3rd period - Nick Cousins wins face-off versus Vincent Lecavalier in neutral zone.
7:18 of 3rd period - Matt Carle is hit by Sven Andrighetto and loses puck.
7:42 of 3rd period - Off-side.
7:43 of 3rd period - Sean Monahan wins face-off versus Mike Fisher in neutral zone.
8:02 of 3rd period - Icing by Andrew Campbell.
8:03 of 3rd period - Sean Monahan wins face-off versus Jussi Jokinen in RedWings zone.
8:37 of 3rd period - Icing by Andrew Campbell.
8:38 of 3rd period - Nick Cousins wins face-off versus Sean Monahan in RedWings zone.
8:55 of 3rd period - Shot by Jonathan Drouin.
8:55 of 3rd period - Shot Blocked by Matt Irwin.
9:25 of 3rd period - Shot by Jonathan Drouin.
9:25 of 3rd period - Shot Blocked by Jakub Kindl.
9:47 of 3rd period - Johnny Boychuk is hit by Jake Gardiner and loses puck.
9:50 of 3rd period - Shot by Michael Raffl.
9:50 of 3rd period - Shot Misses the Net.
9:54 of 3rd period - Shot by Clarke MacArthur.
9:54 of 3rd period - Shot Hit the Post.
10:11 of 3rd period - Shot by Mike Fisher.
10:11 of 3rd period - Shot Misses the Net.
10:13 of 3rd period - Shot by Michael Raffl.
10:13 of 3rd period - Stopped by Mike Condon without a rebound.
10:14 of 3rd period - Jussi Jokinen wins face-off versus Erik Haula in RedWings zone.
11:04 of 3rd period - Icing by Eric Gryba.
11:05 of 3rd period - Mikhail Grabovski wins face-off versus Jay McClement in RedWings zone.
11:05 of 3rd period - Mikhail Grabovski is hit by Adam Cracknell.
11:14 of 3rd period - Shot by Jay McClement.
11:14 of 3rd period - Deflect By Adam Cracknell.
11:14 of 3rd period - Shot Blocked by Eric Gryba.
11:21 of 3rd period - Jay McClement is hit by Eric Gryba and loses puck.
11:27 of 3rd period - Jay McClement is hit by Eric Gryba and loses puck.
12:10 of 3rd period - Shot by Michael Raffl.
12:10 of 3rd period - Stopped by Mike Condon without a rebound.
12:11 of 3rd period - Jussi Jokinen wins face-off versus Loui Eriksson in RedWings zone.
12:17 of 3rd period - Icing by Jake Gardiner.
12:18 of 3rd period - Sean Monahan wins face-off versus Jussi Jokinen in RedWings zone.
12:49 of 3rd period - Shot by Loui Eriksson.
12:49 of 3rd period - Stopped by Karri Ramo with a rebound.
14:53 of 3rd period - Off-side.
14:54 of 3rd period - Mike Fisher wins face-off versus Mikhail Grabovski in neutral zone.
14:57 of 3rd period - Shot by Michael Raffl.
14:57 of 3rd period - Deflect By Clarke MacArthur.
14:57 of 3rd period - Shot Misses the Net.
15:05 of 3rd period - Shot by Erik Haula.
15:05 of 3rd period - Shot Misses the Net.
15:45 of 3rd period - Shot by Vincent Lecavalier.
15:45 of 3rd period - Shot Misses the Net.
16:53 of 3rd period - Shot by Tyler Toffoli.
16:53 of 3rd period - Stopped by Karri Ramo with a rebound.
18:04 of 3rd period - Shot by Jussi Jokinen.
18:04 of 3rd period - Shot Blocked by Sven Andrighetto.
18:06 of 3rd period - Shot by Mark Borowiecki.
18:06 of 3rd period - Shot Misses the Net.
19:04 of 3rd period - Icing by Thomas Hickey.
19:05 of 3rd period - Filip Forsberg wins face-off versus Jay McClement in RedWings zone.
19:10 of 3rd period - Shot by Tyler Toffoli.
19:10 of 3rd period - Stopped by Karri Ramo with a rebound.
19:15 of 3rd period - Off-side.
19:16 of 3rd period - Sean Monahan wins face-off versus Nick Cousins in neutral zone.
19:24 of 3rd period - David Pastrnak is hit by Johnny Boychuk and loses puck.
19:28 of 3rd period - Icing by Johnny Boychuk.
19:29 of 3rd period - Jonathan Drouin wins face-off versus Nick Cousins in Blues zone.
19:29 of 3rd period - Tyler Toffoli is hit by Jay Bouwmeester and loses puck.
Goals for this period are 1 for Blues vs 0 for RedWings.
Shots for this period are 5 for Blues vs 7 for RedWings.